 Dungeon Crawl Stone Soup version 0.30.1-9-gdf580d7c3d (webtiles) character file.

Game seed: 10968395346981271226

38476 Nonny the Zephyrmancer (level 14, -40/86 HPs)
             Began as a Tengu Air Elementalist on Oct 2, 2023.
             Was an Initiate of Gozag.
             Annihilated by a komodo dragon (78 damage)
             ... on level 5 of the Lair of Beasts.
             The game lasted 02:15:36 (21804 turns).

Nonny the Zephyrmancer (Tengu Air Elementalist)    Turns: 21804, Time: 02:15:36

Health: -40/86     AC: 13    Str:  9    XL:     14   Next: 2%
Magic:  0/29       EV:  2    Int: 21    God:    Gozag
Gold:   2752       SH:  0    Dex: 14    Spells: 20/33 levels left

rFire   + + .        d - staff of earth
rCold   . . .        L - +0 buckler
rNeg    . . .        R - +0 leather armour {rF+}
rPois   .            H - +1 hat
rElec   .            B - +1 cloak
rCorr   .            k - +1 pair of gloves
SInv    .            (boots unavailable)
Will    +....        q - amulet of regeneration
Stlth   ++           s - ring of protection from fire
HPRegen 1.14/turn    v - +4 ring of protection
MPRegen 0.21/turn

%: no passive effects
@: sleeping, gold aura, flying quickly and evasively, quick
A: beak, talons 3, nimble flight
a: Renounce Religion, Potion Petition, Call Merchant, Bribe Branch


You were on level 5 of the Lair of Beasts.
You worshipped Gozag.
Gozag was most pleased with you.
You visited 3 branches of the dungeon, and saw 17 of its levels.
You also visited: Volcano.

You collected 4299 gold pieces.
You paid 1547 gold pieces to Gozag.

Inventory:

Hand Weapons
 A - a +0 lajatang of protection
Missiles
 g - 42 poisoned darts
 u - 2 throwing nets
 z - an atropa-tipped dart
 G - 2 curare-tipped darts
 U - 5 datura-tipped darts
Armour
 k - a +1 pair of gloves (worn)
 B - a +1 cloak (worn)
 C - a +0 chain mail of cold resistance
 H - a +1 hat (worn)
 L - a +0 buckler (worn)
 Q - a +3 plate armour of fire resistance
 R - a +0 leather armour of fire resistance (worn)
 S - a +2 kite shield
Magical Staves
 d - a staff of earth (weapon)
Jewellery
 q - an amulet of regeneration (around neck)
 s - a ring of protection from fire (left hand)
 v - a +4 ring of protection (right hand)
 M - a ring of resist corrosion
Wands
 c - a wand of mindburst (12)
 r - a wand of iceblast (9)
 t - a wand of charming (14)
 x - a wand of flame (23)
 K - a wand of light (24)
Scrolls
 a - a scroll of blinking
 f - 3 scrolls of enchant armour
 i - 3 scrolls of amnesia
 l - 4 scrolls of enchant weapon
 p - 5 scrolls of teleportation
 y - 10 scrolls of identify
 E - 2 scrolls of brand weapon
 I - 2 scrolls of silence
 J - 2 scrolls of poison
 T - a scroll of fog
 V - a scroll of immolation
Potions
 b - a potion of resistance
 e - 3 potions of might
 h - 12 potions of curing
 j - 2 potions of haste
 m - 4 potions of brilliance
 n - 5 potions of cancellation
 o - a potion of heal wounds
 w - 2 potions of lignification
 F - a potion of invisibility
 O - 11 potions of ambrosia
 P - a potion of magic
Miscellaneous
 D - a phantom mirror
 N - a lightning rod (4/4)


   Skills:
 + Level 9.5 Fighting
 - Level 0.6 Short Blades
 - Level 6.0 Staves
 - Level 0.1 Throwing
 - Level 5.0 Armour
 - Level 12.0 Dodging
 - Level 4.0 Stealth
 * Level 3.1 Shields
 - Level 10.0 Spellcasting
 - Level 8.0 Conjurations
 - Level 3.0 Ice Magic
 - Level 14.0 Air Magic
 - Level 3.0 Earth Magic
 - Level 3.0 Evocations


You had 20 spell levels left.
You knew the following spells:

 Your Spells              Type           Power      Damage    Failure   Level
a - Shock                 Conj/Air       100%       1d9       1%          1
b - Static Discharge      Conj/Air       100%       2-7/arc   1%          2
c - Airstrike             Air            31%        2d(5-21)  1%          4
d - Swiftness             Air            62%        N/A       1%          3
e - Hailstorm             Conj/Ice       33%        3d8       4%          3

Your spell library contained the following spells:

 Spells                   Type           Power      Damage    Failure   Level
 Kiss of Death            Conj/Necr      100%       2d13      2%          1
 Confusing Touch          Hex            10%        N/A       36%         3
 Ice Form                 Ice/Tmut       16%        N/A       56%         4
 Dispel Undead            Necr           10%        3d9       77%         4
 Simulacrum               Ice/Necr       Unusable   N/A       N/A         6

Dungeon Overview and Level Annotations

Branches:
Dungeon (11/15)            Temple (1/1) D:4            Lair (5/5) D:10
 Shoals (0/4) Lair:2        Snake (0/4) Lair:3        Slime (0/5) Lair:4
    Orc (0/2) D:11        Volcano (visited)

Altars:
Ashenzari
Cheibriados
Dithmenos
Elyvilon
Fedhas
Gozag
Hepliaklqana
Kikubaaqudgha
Makhleb
Nemelex Xobeh
Okawaru
Qazlal
Ru
Sif Muna
Trog
Uskayaw
Vehumet
Wu Jian
Xom
Yredelemnul
Zin
The Shining One

Annotations:
D:7 1 runed translucent door, eliilek's ghost, novice MiFi
D:9 exclusion: ugly thing
D:11 Josephine


Innate Abilities, Weirdness & Mutations

You have a beak for a mouth.
You have claws for feet.
Your magical nature lets you fly swiftly and evasively.


Message History

The dream sheep barely misses you. The komodo dragon misses you.
Unknown command.
Unknown command.
Unknown command.
Casting: Static Discharge (safe; 1% risk of failure)
Confirm with . or Enter, or press ? or * to list all spells.
Aiming: Airstrike (safe; 1% risk of failure)
Press: ? - help, Dir - move target, f - komodo dragon
Aim: a komodo dragon (severely wounded, empty space bonus: 3/8)
The air twists around and strikes the komodo dragon!
The komodo dragon is almost dead.
The dream sheep is no longer distracted by gold.
The dream sheep bites you! You block the komodo dragon's attack.
Unknown command.
Casting: Airstrike (safe; 1% risk of failure)
Confirm with . or Enter, or press ? or * to list all spells.
Aiming: Airstrike (safe; 1% risk of failure)
Press: ? - help, Dir - move target, f/p - komodo dragon
Aim: a komodo dragon (almost dead, empty space bonus: 3/8)
The air twists around and strikes the komodo dragon but does no damage.
The dream sheep bites you. The komodo dragon barely misses you.
Unknown command.
Unknown command.
Unknown command.
You hit the komodo dragon but do no damage.
You claw the komodo dragon.
The komodo dragon is almost dead.
The dream sheep ruffle their wool and motes of dream dust sparkle, to no effect. x2
The komodo dragon barely misses you.
You hit the komodo dragon but do no damage.
You claw the komodo dragon.
You peck the komodo dragon, but do no damage.
The komodo dragon is almost dead.
The dream sheep bites you but does no damage.
The dream sheep shake their wool and sparkle.
You feel drowsy...
You fall asleep.
The komodo dragon bites you!!!!
Ouch! That really hurt!
You die...
Your body crumbles into a pile of gold.

#..##...#..P...##.#..
#..............#..#..
##.............<......
##.....................
#......................
#......................
###..Y#l#....#....#....
#PP.#Y##.#.#...####..#
#.Y.#@####.....# #..P#
##..##l...###...###...
##....#...P##..## #...
#..Y..+....#.... ....
#...P## ...#.... ..P.P
#..l...# ###.. #......#
. ###...P.. $ ........


You could see 2 komodo dragons and 2 dream sheep.

Vanquished Creatures
  A fire dragon (Volcano)
  A two-headed ogre (D:11)
  3 death yaks (Lair:3)
  Pikel (D:7)
  A lindwurm (Volcano)
  A manticore (D:11)
  A merfolk siren (Lair:2)
  2 black mambas
  12 elephants
  10 cane toads
  A rime drake (Lair:4)
  8 komodo dragons
  A queen bee (Lair:2)
  4 trolls
  3 merfolk
  3 polar bears
  A hornet (D:10)
  10 blink frogs
  Grinder (D:5)
  Prince Ribbit (D:6)
  2 dream sheep (Lair:5)
  A vampire (D:9)
  Sigmund (D:2)
  6 slime creatures
  A shadow (D:11)
  6 wraiths
  2 fire bats (Volcano)
  6 wyverns
  43 yaks
  2 basilisks
  4 steam dragons
  2 nagas (Lair:3)
  9 water moccasins
  2 hell hounds (Volcano)
  Duvessa (D:4)
  3 ice beasts
  8 orc warriors
  A sky beast (D:5)
  Pargi (D:3)
  5 ogres (D:11)
  3 black bears
  A centaur (D:6)
  A wolf (D:8)
  A phantom (D:6)
  15 bullfrogs
  5 kobold brigands
  Blork the orc (D:4)
  4 gnoll sergeants
  3 scorpions
  9 wights
  Dowan (D:4)
  31 killer bees
  3 howler monkeys
  3 hounds
  A wyvern simulacrum (D:8)
  2 gnoll boudas
  8 orc priests
  4 iguanas
  3 jellies
  6 orc wizards
  2 centaur simulacra (D:8)
  23 gnolls
  8 adders
  6 river rats (D:6)
  3 white imps
  An ufetubus (D:7)
  2 worms
  2 dart slugs
  27 orcs
  6 bats
  4 endoplasms
  4 giant cockroaches
  7 goblins
  8 hobgoblins
  6 ball pythons
  6 frilled lizards
  17 kobolds
  21 rats
430 creatures vanquished.

Notes
Turn   | Place    | Note
-------+----------+-------------------------------------------
     0 | D:1      | Nonny the Tengu Air Elementalist began the quest for the
                  | Orb.
     0 | D:1      | Reached XP level 1. HP: 10/10 MP: 4/4
    26 | D:1      | Starting vault: like a humble stable, for you.
   178 | D:1      | Reached XP level 2. HP: 15/15 MP: 1/6
   210 | D:1      | Learned a level 2 spell: Static Discharge
   488 | D:1      | Reached skill level 5 in Air Magic
   633 | D:2      | CUCUAH HIKIMEA - identify
   633 | D:2      | purple potion - haste
   635 | D:2      | dark potion - degeneration
   641 | D:2      | red potion - curing
   642 | D:2      | silvery potion - heal wounds
   656 | D:2      | metallic black potion - might
   686 | D:2      | Reached XP level 3. HP: 19/19 MP: 2/7
   709 | D:2      | Noticed Sigmund
   747 | D:2      | fuming emerald potion - brilliance
  1226 | D:2      | Vault: 3x3 translucent walls in a square room with doors in
                  | cardinal directions.
  1399 | D:3      | Reached XP level 4. HP: 23/24 MP: 4/8
  1456 | D:3      | Learned a level 4 spell: Airstrike
  1529 | D:3      | Reached skill level 6 in Air Magic
  1546 | D:3      | Found a faded altar of an unknown god.
  1547 | D:3      | Interesting vault here.
  1582 | D:3      | REGEN AMULET LET'S GO
  1815 | D:3      | Gained mutation: Your magical nature lets you fly swiftly
                  | and evasively. [Tengu growth]
  1815 | D:3      | Reached XP level 5. HP: 26/28 MP: 0/9
  1918 | D:3      | rF+ ring in southwest
  2281 | D:2      | Killed Sigmund
  2282 | D:2      | Reached skill level 8 in Air Magic
  2282 | D:2      | Reached XP level 6. HP: 32/32 MP: 0/10
  2510 | D:4      | Noticed Blork the orc
  2591 | D:4      | Killed Blork the orc
  2592 | D:4      | Reached skill level 9 in Air Magic
  2623 | D:4      | Found a hide-covered altar of Uskayaw.
  2762 | D:4      | Reached XP level 7. HP: 36/36 MP: 4/11
  2808 | D:4      | staff of earth in west
  2943 | D:4      | Found a staircase to the Ecumenical Temple.
  2956 | D:4      | Noticed Pargi
  3005 | Temple   | Entered the Ecumenical Temple
  3050 | Temple   | Became a worshipper of Gozag Ym Sagoz the Greedy
  3176 | Temple   | Temple: swampy!
  3182 | D:4      | Temple entrance: four cardinal 'T's
  3182 | D:4      | Pargi is south of it.
  3325 | D:4      | Noticed a yak
  3327 | D:4      | Noticed a yak
  3327 | D:4      | Noticed a yak
  3327 | D:4      | Noticed a yak
  3327 | D:4      | Noticed a yak
  3502 | D:4      | Noticed Duvessa
  3514 | D:4      | Vault in the south: walled-off swamp
  3537 | D:4      | bubbling black potion - cancellation
  3538 | D:5      | Entered Level 5 of the Dungeon
  3734 | D:5      | Reached skill level 10 in Air Magic
  3743 | D:5      | Learned a level 3 spell: Swiftness
  3861 | D:5      | Noticed Grinder
  3915 | D:5      | Paralysed by Grinder for 3 turns
  3946 | D:5      | Paralysed by Grinder for 3 turns
  3977 | D:5      | Killed Grinder
  3978 | D:5      | Reached XP level 8. HP: 42/42 MP: 0/15
  4792 | D:4      | Noticed a yak
  4854 | D:6      | Reached skill level 5 in Spellcasting
  5175 | D:3      | Killed a yak
  5212 | D:3      | Killed a yak
  5260 | D:3      | Killed a yak
  5344 | D:3      | Killed a yak
  5345 | D:3      | Reached XP level 9. HP: 46/46 MP: 10/20
  5462 | D:3      | Reached skill level 1 in Fighting
  5471 | D:3      | Killed Pargi
  5658 | D:4      | Identified the +3 dagger of Purpose {freeze, Dex+2}
  5768 | D:4      | Noticed Dowan
  5778 | D:4      | Killed Duvessa
  5787 | D:4      | Killed Dowan
  6176 | D:6      | ACE YL XEEMADD - enchant armor
  6177 | D:6      | NOOLEIP COGRILA - noise
  6178 | D:6      | XED SUBUOFU - enchant weapon
  6179 | D:6      | ULESSY JAARIRUIK - magic mapping
  6180 | D:6      | MIOPRA DAMYA - blinking
  6181 | D:6      | VOAPLI HAMIBUPN - immolation
  6182 | D:6      | YXOM CIEGI - fear
  6183 | D:6      | HIQUUF HUPRYI - teleportation
  6184 | D:6      | PUSKUPL OGEREI - poison
  6191 | D:6      | Noticed Prince Ribbit
  6193 | D:6      | Killed Prince Ribbit
  6511 | D:6      | Rat trap vault in northeastern hallway. :)
  6699 | D:5      | Reached skill level 11 in Air Magic
  6949 | D:6      | white potion - attraction
  7363 | D:7      | +4 AC ring
  7398 | D:6      | D:7 uphatch leads to northern D:6. Viable for orbrun?
  7575 | D:7      | Reached skill level 1 in Earth Magic
  7578 | D:7      | Noticed Pikel
  7581 | D:7      | Killed Pikel
  7582 | D:7      | Reached XP level 10. HP: 52/52 MP: 8/24
  7754 | D:7      | sapphire potion - lignification
  7974 | D:7      | Found a runed translucent door.
  7974 | D:7      | Noticed eliilek's ghost (novice MiFi)
  7977 | D:7      | Noticed a cyclops
  8284 | D:8      | lajatang
  8356 | D:8      | Beware of centaur simulacrum!
  8463 | D:8      | Reached skill level 5 in Dodging
  8541 | D:8      | YLOMUUBOPS - amnesia
  8659 | D:8      | Slime creatures in the south.
  8664 | D:8      | Reached skill level 1 in Evocations
  8844 | D:7      | Reached skill level 1 in Staves
  9388 | D:8      | Found a sacrificial altar of Ru.
 10006 | D:9      | DAIHOESTUW - fog
 10579 | D:9      | Reached XP level 11. HP: 60/60 MP: 4/25
 11049 | D:9      | Found a snail-covered altar of Cheibriados.
 11051 | D:9      | Noticed a white ugly thing
 11152 | D:9      | Identified the +2 plate armour of Sif Muna's Pride {Drain
                  | Int+5}
 11154 | D:9      | Located in twisted hallway in vaguely center-northeast
                  | hallway. Sif Muna is so prideful of it- they don't want you
                  | to take it off, ever!
 11771 | D:10     | Entered Level 10 of the Dungeon
 11970 | D:10     | Noticed Josephine
 12184 | D:10     | Phantom mirror.
 12353 | D:10     | Found a staircase to the Lair.
 12373 | D:10     | Lair entrance: komodo dragon with lots of plants.
 12413 | D:10     | ODGHASTR WEFY - brand weapon
 12414 | D:10     | TIR LOESYCLIH - summoning
 12454 | D:10     | Blundered.
 12575 | D:10     | Reached skill level 5 in Staves
 12577 | D:10     | Killer bees and hornet room towards center.
 12682 | D:10     | Found a sparkling altar of Nemelex Xobeh.
 12684 | D:10     | Found a burning altar of Makhleb.
 12973 | D:10     | Reached skill level 10 in Dodging
 13271 | D:11     | Reached skill level 5 in Fighting
 13299 | D:11     | amethyst potion - invisbility
 13308 | D:11     | Noticed a two-headed ogre
 13356 | D:11     | Killed a two-headed ogre
 13649 | D:11     | Noticed a manticore
 13655 | D:11     | Killed a manticore
 13796 | D:11     | Reached XP level 12. HP: 68/68 MP: 2/26
 14598 | D:11     | Found a staircase to the Orcish Mines.
 15527 | Lair:1   | Entered Level 1 of the Lair of Beasts
 15559 | Lair:1   | Autumn forest lair entrance...
 15621 | Lair:1   | Learned a level 3 spell: Hailstorm
 15669 | Lair:1   | Reached skill level 10 in Spellcasting
 16003 | Lair:1   | SOEMUF ASTOFO - silence
 16097 | Lair:1   | Reached skill level 1 in Armour
 16666 | Lair:1   | Reached skill level 1 in Ice Magic
 16745 | Lair:2   | pink potion - flight
 16775 | Lair:2   | rCorr ring
 16983 | Lair:2   | Reached skill level 5 in Conjurations
 17095 | Lair:2   | Vault: queen bee and bees. Yak corpses. Ambrosia potions.
                  | Lightning rod.
 17151 | Lair:2   | Found a dark tunnel.
 17177 | Lair:2   | Volcano is in southwest; entrance is past the bees vault,
                  | but Passwall could work here too.
 17178 | Volcano  | Entered a volcano
 17211 | Volcano  | Reached XP level 13. HP: 71/78 MP: 7/28
 17258 | Volcano  | Noticed a fire dragon
 17301 | Volcano  | Killed a fire dragon
 17351 | Volcano  | blue potion - resistance
 18082 | Lair:2   | Found a staircase to the Shoals.
 18373 | Lair:2   | You are sucked into a shaft and drop 1 floor!
 18625 | Lair:2   | Identified the +7 trident "Herrurr" {heavy, *Slow rF+ SInv}
 18910 | Lair:2   | BOZXU ATHI - vulnerability
 19489 | Lair:3   | Reached skill level 12 in Air Magic
 19547 | Lair:3   | Reached skill level 5 in Armour
 19660 | Lair:3   | Found a staircase to the Snake Pit.
 19790 | Lair:3   | Identified the +11 trident of the Dungeon {antimagic, rElec
                  | rF+}
 19853 | Lair:3   | +2 kite shield in southeast
 20093 | Lair:3   | Reached skill level 1 in Shields
 20504 | Lair:4   | Found a staircase to the Slime Pits.
 20601 | Lair:4   | Reached skill level 13 in Air Magic
 21351 | Lair:5   | Entered Level 5 of the Lair of Beasts
 21729 | Lair:5   | Reached skill level 14 in Air Magic
 21729 | Lair:5   | Reached XP level 14. HP: 86/86 MP: 3/29
 21804 | Lair:5   | Annihilated by a komodo dragon

Illustrated notes ######## #......### #........# #..##'''## # #..#.....#.## #..#..<..#..## #..#..@..#...# ######..#.....#.#.# ........##'''##...# ##................. #################. Turn 26 on D:1: Starting vault: like a humble stable, for you. ..#S........ .#..#..#..# . .........## #. #..#......#. #..#........... #.............. ............... #..@..# #.#...# .. ....# ## .#..## #.#..# # .... #..# #... Turn 633 on D:2: CUCUAH HIKIMEA - identify ..#†........ .#..#..#..# . .........## #. #..#......#. #..#........... #.............. ............... #..@..# #.#...# .. ....# ## .#..## #.#..# # .... #..# #... Turn 635 on D:2: dark potion - degeneration #. #. .###...#. #..#†......... #..#..#..#..# . ..........## #. #..#......#. #..#........... #.............. .......!....... .####..@..#.... #.#...# ##. .......# ###.#..## #.#..# # .... #..# #... Turn 641 on D:2: red potion - curing #. #. .###...#. #..#†......... #..#..#..#..# . ..........## #. #..#......#. #..#........... #.............. .......!....... .####..@..#.... #.#...# ##. .......# ###.#..## #.#..# # .... #..# #... Turn 642 on D:2: silvery potion - heal wounds .. #. #. #. #..#. # #..#.#####.#.# #.....@.....). #..#.#.###...#. #..#†......... ###..#..#..#..## ..............## ###..#..#......#. #..#........... ##.............. ........!....... Turn 656 on D:2: metallic black potion - might ### ### ######.###.# ### #..........####.####### #.####.###.##...@.....# ...................##.# #.###..###.##.#.#### #.# #..# #.##.#.# #.###..# #.##.... .......###.##.#.## #................ ..........###.#.## ........... ..... Turn 747 on D:2: fuming emerald potion - brilliance .##..#.###.#.##.#.#.##....####.#. ................................. ..†.....##.............)..####.#. .#.....#####.#.......#....# #.#. .#†..###......####'####.....##... .#............#.......#........#. .............##.......####..####. ..............#..###..#.....# ## ..............'.@###..'.# ..# # ##...#.#.....##..###..#. .# # ........... #...)...# .. ###.......# #.......# .......... ####'#### ........# #..##.# ........ #.###.########### ....... ..###.#.......... ........ .................. Turn 1226 on D:2: Vault: 3x3 translucent walls in a square room with doors in cardinal directions. .....####.. ... ... .........8.._..∩..8...# # ....####..............## ....# ................ ### ....# #...∩.....8..8.. .. ....# #..............# #. ....# #..............# #.## ##..# #8..∩..∩..∩..♣.### #..# # ..# ##.......@.........## ##.. . #.#.##...............##...##... ....∩..8..∩..♣..∩## #...... g................######..##. .............†..........#### ....g..∩..∩..8..∩......## # .......###..###...##.#..# ####... #..# ######.#..### ##.. #...# ###....#...## Turn 1547 on D:3: Interesting vault here. ...###.# #####...<.....# ...# #.......#### ...# ....##.##...# ...##.. ..#.. #......# ........ .##.###..#...# ........# #......###### ...... .##..###.# ..... .....# #.# 8...# #....# #@# ....#####....# #.############# ..........#### #g.#..........# 8..8..g......# ##.#..........# .....#######.# #.#..........# .....# #.####g...........# ∩..♣.### #..##..####.####### g.......## ##.....##...# .....##...##.......#.### Turn 1582 on D:3: REGEN AMULET LET'S GO #≈# #.....# #...... ### #.....# #.#...∩ #.....# #.#.... #.....# #.... ##.##..# #8..∩ ##..#...#! ##.... ###..#..#.#.##..... #......# ......∩..8 #.@....# .......... #.....># .......... #......# .......).∩ #####..# .........# #...## ######...# #...# ##.)# #...#########.... #................ #...#######...... Turn 1918 on D:3: rF+ ring in southwest ##..# #..# #####...# #..# #.......# #..## ###..).####### ##...# ###........###....# #................ #.....##......... ####....#####....... #..@....# ##.##### ##......# ### ###....# ##...# #### ###### ##### ##....#####...##### # #..#..............#### Turn 2808 on D:4: staff of earth in west ♣♣♣♣♣ ♣♣♣♣♣≈≈≈♣♣♣ ♣♣ ♣♣♣≈≈≈≈@≈≈≈≈♣ ~♣♣♣ ♣♣♣≈≈~≈~~≈≈≈≈≈♣♣ ~≈≈♣♣ ♣♣≈~~~.~...~≈§≈≈♣ ~~≈~♣♣♣≈~~.♣......~≈≈≈♣ ♣♣..~~....♣♣♣..<§~≈≈≈♣♣ ...._..~~~...♣....~≈≈♣ ......~~~.~♣..♣~.§~≈♣♣ _.............♣♣♣~~♣♣ ~...♣♣.....~♣♣.~≈≈♣♣ Turn 3176 on Temple: Temple: swampy! ......##........## # ......#.....##...## .. .............##...#### .####. .........#...#..#....#####....... ........####....#T...##.......... ........# ##...###...#........... ........###....................(. .........#...#.g...#............. .....###...###..@..###........... ....## ##....#..T..#............. .)..# ##....................... ....# ##....###............... ....# #.....#................ ##...# #......#............?### ...# ....##..............### ...# ...#####............## .###..## #..........### Turn 3182 on D:4: Temple entrance: four cardinal 'T's ###..## #.... #####......## ....## ##... #+##♣~~♣#......#. ...## #.#..##~~♣#♣♣~+.....##. #..# #>##.#~♣♣~♣#♣~#......#. #### #..# #~♣#♣~♣~♣##....... #..###♣#♣~~~♣#♣#....... ### ##...###♣~♣~♣#♣P#....... ###..#####....#.#~♣#♣~♣♣~#....... #...............@~♣♣#♣~~##.....## .......###..###.##~~♣##'##)..### e..##### #### #.######....#### . ### ##....### #..#### ######.## ##.....## #.....## #....## Turn 3514 on D:4: Vault in the south: walled-off swamp ....# #...........#..## ...## ##............#..# ...# ##..............#.# ### #### ##..##............# ###.. ##..####....)............. ########..## ##........######... .........## ##...##+##♣~~♣#... ###.....## #.#..##~~♣#♣♣~+... ####..# #@##.#~♣♣~♣#♣~#... #### #..###~♣#♣~♣~♣##.. #..###♣#♣~~~♣#♣#.. ### ##...###♣~♣~♣#♣P#.. ###..#####....#.#~♣#♣~♣♣~#.. ##...............'~♣♣#♣~~##.. #.......###..###.##~~♣##'##). .e..##### #### #.######....## .. ### ##....### Turn 3537 on D:4: bubbling black potion - cancellation #.............. #.............. ##.............. #....##......... ####..#####........ ##.##...# #........ ##......## ##....#... #....##.# ##...### [. ##.....@# #....# #......###...## #...#....#..## #####...##..##### #####.............. ##.#.......##.#..... ##............#####.. #......#..#......# . ####....#####..##..# Turn 6176 on D:6: ACE YL XEEMADD - enchant armor #.............. #.............. ##.............. #....##......... ####..#####........ ##.##...# #........ ##......## ##....#... #....##.# ##...### [. ##.....@# #....# #......###...## #...#....#..## #####...##..##### #####.............. ##.#.......##.#..... ##............#####.. #......#..#......# . ####....#####..##..# Turn 6177 on D:6: NOOLEIP COGRILA - noise #.............. #.............. ##.............. #....##......... ####..#####........ ##.##...# #........ ##......## ##....#... #....##.# ##...### [. ##.....@# #....# #......###...## #...#....#..## #####...##..##### #####.............. ##.#.......##.#..... ##............#####.. #......#..#......# . ####....#####..##..# Turn 6178 on D:6: XED SUBUOFU - enchant weapon #..............,,, #..............,,, ##..............,,, #....##.........,,, ####..#####........,,, ##.##...# #........,,, ##......## ##....#...,,, #....##.# ##...###,[.,,, ##.....@# #....# *,,,,,, #......###...## *,,**** #...#....#..## *,,* *, #####...##..#####,** ** #####..............** * ##.#.......##.#.....,**** ##............#####..***,, #......#..#......#**.****, ####....#####..##..#**,*,*,, Turn 6179 on D:6: ULESSY JAARIRUIK - magic mapping #....##.# ##...###,[.,,,,,** ##.....<# #....# *,,,,,,,,,, #......###...## *,,****,,,, #...#....#..## *,,* *,,,,, #####...##..#####,** **,,,, #####..............** *,,,, ##.#.......##.#.....,****,,,> ##............#####..***,,,,,, #......#..#..@...#**.****,,,,, ####....#####..##..#**,*,*,,,,,, ##.###....#*#.###,*.#,*,,,*,*,*,, ...#.#....##..*,*,*,..,,,,,,,,*,* ...........##.,,,,,,*#.,,,,**,,,, ...##.........,,*,,,,,,.,,,,,,,,* ..##.#.###.#...,*,,,,*,***,*,,,,* ..#......,.....,*,,,,,,,,,,,,,,,* ..#.##.....##..,,,,,**,,,,,**,,,, Turn 6180 on D:6: MIOPRA DAMYA - blinking #....##.# ##...###,[.,,,,,** ##.....<# #....# *,,,,,,,,,, #......###...## *,,****,,,, #...#....#..## *,,* *,,,,, #####...##..#####,** **,,,, #####..............** *,,,, ##.#.......##.#.....,****,,,> ##............#####..***,,,,,, #......#..#..@...#**.****,,,,, ####....#####..##..#**,*,*,,,,,, ##.###....#*#.###,*.#,*,,,*,*,*,, ...#.#....##..*,*,*,..,,,,,,,,*,* ...........##.,,,,,,*#.,,,,**,,,, ...##.........,,*,,,,,,.,,,,,,,,* ..##.#.###.#...,*,,,,*,***,*,,,,* ..#......,.....,*,,,,,,,,,,,,,,,* ..#.##.....##..,,,,,**,,,,,**,,,, Turn 6181 on D:6: VOAPLI HAMIBUPN - immolation #....##.# ##...###,[.,,,,,** ##.....<# #....# *,,,,,,,,,, #......###...## *,,****,,,, #...#....#..## *,,* *,,,,, #####...##..#####,** **,,,, #####..............** *,,,, ##.#.......##.#.....,****,,,> ##............#####..***,,,,,, #......#..#..@...#**.****,,,,, ####....#####..##..#**,*,*,,,,,, ##.###....#*#.###,*.#,*,,,*,*,*,, ...#.#....##..*,*,*,..,,,,,,,,*,* ...........##.,,,,,,*#.,,,,**,,,, ...##.........,,*,,,,,,.,,,,,,,,* ..##.#.###.#...,*,,,,*,***,*,,,,* ..#......,.....,*,,,,,,,,,,,,,,,* ..#.##.....##..,,,,,**,,,,,**,,,, Turn 6182 on D:6: YXOM CIEGI - fear #....##.# ##...###,[.,,,,,** ##.....<# #....# *,,,,,,,,,, #......###...## *,,****,,,, #...#....#..## *,,* *,,,,, #####...##..#####,** **,,,, #####..............** *,,,, ##.#.......##.#.....,****,,,> ##............#####..***,,,,,, #......#..#..@...#**.****,,,,, ####....#####..##..#**,*,*,,,,,, ##.###....#*#.###,*.#,*,,,*,*,*,, ...#.#....##..*,*,*,..,,,,,,,,*,* ...........##.,,,,,,*#.,,,,**,,,, ...##.........,,*,,,,,,.,,,,,,,,* ..##.#.###.#...,*,,,,*,***,*,,,,* ..#......,.....,*,,,,,,,,,,,,,,,* ..#.##.....##..,,,,,**,,,,,**,,,, Turn 6183 on D:6: HIQUUF HUPRYI - teleportation #....##.# ##...###,[.,,,,,** ##..§§§§# #.§§.# *,,,,,,,,,, #..§§§§###.§§## *,,****,,,, #...#§§§.#.§## *,,* *,,,,, #####§§§##.§#####,** **,,,, #####§§§§§..§§.....** *,,,, ##.#.§§§§§§##§#.....,****,,,> ##....§§§§§§§§#####..***,,,,,, #......#..#§§@§§§#**.****,,,,, ####....#####§§##§§#**,*,*,,,,,, ##.###....#*#§###,*§#,*,,,*,*,*,, ...#.#....##§.*,*,*,§§,,,,,,,,*,* ...........##.,,,,,,*#§,,,,**,,,, ...##.........,,*,,,,,,§,,,,,,,,* ..##.#.###.#...,*,,,,*,***,*,,,,* ..#......,.....,*,,,,,,,,,,,,,,,* ..#.##.....##..,,,,,**,,,,,**,,,, Turn 6184 on D:6: PUSKUPL OGEREI - poison ** .# .# .### ...# ..## ######### ...# #.......# ...# **#.......# ..### #**,#...@...# ....#***#...###(((##### ....##................# .....#......#########.# ...........,* #.# ).####..<.,,* #.# ...##...##*,* #.# .........##** #####.# ......#...# #.....# Turn 6511 on D:6: Rat trap vault in northeastern hallway.

:)
#........#..#.............#......
*#..........#.##.....##.......##.
#..........#...........#.#.#....
##.......####.#.#...#.#.#...#.#g#
#........# #...#.#.#...........#
##...##.## ###.......##.....##..
#####..###*#.....#..............
**##...##.###....#....#.###.#...
*..............@.#..........g...
#>..........##.......##.....##..
#.......##.....#.#.#...........#
##...#.......#.#...#.#.#...#.#.#
##..#.#...#...........#.#.#....
#######..#.##.....##.......##.
#.##..,..........#......
#.#####.###.#....#....#. #.#
*...........#......


Turn 6949 on D:6: white potion - attraction #.#...#..# #.....#..###.#
#.###..........# #..........# ### ...........###.. #####.#......#.##
#.#.####.#..# #...........# #@######.#..# #.##.<...#..... #)##..####.#####
......# .. .......# ## ........# ........# ###+##### Turn 7363 on D:7: +4 AC
ring ### ###.#### ## ####......#############. #.#............##.#..#..
##..............#.....#.. #..................#..... #.................####...
##.......@.........## ##.. #....##.............## #.. ####..#####.............#
#.. ##.##...# #.............####. ##......## ##....#.........#### #....##.#
##...###........##.## ##.....<# #....# #............< #......###...##
#..####....... #...#....#..## #..# #........ Turn 7398 on D:6: D:7 uphatch leads
to northern D:6. Viable for orbrun? #....#######.# ######### #....# #.# #....#
##'########## #....# #............ #....# #............ #....######............
#....##............#### #....#.............# #....#.....@.......#
#....#...###.####### #....#... #.# #####....#. #.# #........# #.# #........# #.#
#......### .# #......# .# #......# Turn 7754 on D:7: sapphire potion -
lignification ). #.# ### ..... #.# .. ..... #.#### .# # .....##....##.#.###.
#......>.<....... .....#.##.#.######## ####.#.##.).........
#######.#.####)######## .......<..# #@# #######.#.# #.# ..........# #.#
....###.### #># .. #.# #.# ..# #.# ..# .). ..# .#. .... Turn 8284 on D:8:
lajatang .#########.#.# #.# .............# #.# ##.....###.### #># .........#.#
#.# ......Z....# ##.####### 8.....5.8..#####......... ......Z....##....#...####
..#####.....#.#....#.# ###.5@#)#.##.#.# #.....#.# .# # #.....#.# .# ##.)..#.# .#
.......##.#!. [# #########.### ..# #.# .. Turn 8356 on D:8: Beware of centaur
simulacrum! ####..8.......8..# #................# #.#.....#####..... #.#..(.##
###... #.#..#.# #... #.#.##.# #... #.### .. ##.) #.# ##. .......# #@# .#########
#.# #.# #.# #.# #.# #.# #.# Turn 8541 on D:8: YLOMUUBOPS - amnesia
#............. #.##.#........ #.##.#.####.#. #.##.#.# #.# #.##.#.# #.# #.##.#.#
#.# #.##.#.# ##.## #.##.#.###<..### #.##.#.....@...# #.##.#####...#.#### #.##.#
##........ ######.##...........#### .......# .###.......# ######## #.####..# ...
J.# .## ... ######.# . $... Turn 8659 on D:8: Slime creatures in the south. #
###§# #@§§# #§§§### #§### ... #.. $ #.. #. #. Turn 10006 on D:9: DAIHOESTUW -
fog #.#.......# ###<. ###...##### #...# ######.######## ###.### #.......#.....#
#...... [..#####.#.###.# #...... #...#...# #...... #####.######....>.
#..<#.....##...... #####@#.###.#......... #...#[#.#...####...... #.#.#.#.#.#.#
#..[[.. #.#...#...#.# #...... #.#####.###.# #..)... #.......#...# #......
###.############...... #..# ##...##### ####+######## #...)..... Turn 11154 on
D:9: Located in twisted hallway in vaguely center-northeast hallway. Sif Muna is
so prideful of it- they don't want you to take it off, ever! ####### #.....####
#......... ##############.....# ..................?# ##############..@}.#
#........# #W.......# #.......## ######### Turn 12184 on D:10: Phantom mirror.
######### ###........ #<..##.### ####.....### ##......P..## ##......PP..P#
#....P.@PPPPP# .....PPPP..PPP# ###..PPPPP.>.PP# ##PPPPPP...PP# ##PPPPPPP..##
########### Turn 12373 on D:10: Lair entrance: komodo dragon with lots of
plants. ...# #..# #..# #..# #..# ##..##### #.......# #.......# ##....@..#
##....##### #####..##.# $ #.....###.# #.#..## #.# #....####.# #....#.....#
#...#.#.##### #.#.#.#.# Turn 12413 on D:10: ODGHASTR WEFY - brand weapon ...#
#..# #..# #..# #.Y# ##.o##### #..YoYD.# #...Y...# ##.oo.@..# ##.Y.Y#####
#####..##.# $ #.....###.# #.#..## #.# #....####.# #....#.....# #...#.#.#####
#.#.#.#.# Turn 12414 on D:10: TIR LOESYCLIH - summoning ####.# #.# #.# #.# #.##
#..## ##..# ##.##### ##...@.#### #.........##### #+# #........Y'.@.## #.##
#....)..o.###..# #.## #.........# ##.# #.#. #.........####.####.#.
#.........#......YY... #############.##..#.## .>....>..# Turn 12454 on D:10:
Blundered. #...).........< #.....)......# #.........#..# #.........#..#
###.......#..# #.......#..# ######...#####..#### #....'...# #....... ###♣##...#
#.D..... # #$##...# ##.o..... # .$.#...###..o.#### ##### ....######..##.#
...Y#### .....##...Y.###.# .......#########+###.#..## #.# .......'.@.##
#.###.Y..####.# ..)....###..# #.##Y...#.....# .......# ##.# #.#..Y#.#.##### Turn
12577 on D:10: Killer bees and hornet room towards center. #### ### #.. .... #..
..... #.##..... #....# #@...# #.##.#### # #....#..##. ..... #....#^... #....
#.#..#..# #...# #....#..# #...# #....'..# #...# #....#..# #...# #
#....#######...# # Turn 13299 on D:11: amethyst potion - invisbility
♣♣♣♣♣♣♣♣♣♣♣♣♣ ♣...........♣ .. ♣.....@.....♣ ... ♣..##'''##..♣ ♣...
♣..#⌠...⌠#..♣♣.... ♣..#.....#...$.... ♣..#..<..#........ ♣..#.....#..).....$
♣..#######..♣♣.... ♣...........♣ ♣... ♣...........♣ ... Turn 15559 on Lair:1:
Autumn forest lair entrance... ............. ...........#####....#.##
........+......+....#... ..##....#......#........ ...#....#......+........
...#....#...........#... ...#...........#........ ...#...........P....#
...+......#.##P.@...# ...#................# ###................?###
....................... .................>..... .......................
....................... ....................... ......##.##.##......... Turn
16003 on Lair:1: SOEMUF ASTOFO - silence ###..... ##..## #P#....+### ##....###
#.........# ##........ ##.........###......... ##..........P.#.........
+...........P..#........ #.#..........#.......... ............##.#....<...
#.....@....####........ ##.<.......# ###.##### ##.#.#.#### ### # ##.## ## Turn
16745 on Lair:2: pink potion - flight # ## .. #### .#####.##...
..$..#........... .....#....?....... .................. .....).#..).......
.......@.......... .....###.......... ... #........... . ##.......... .+
###'##.### #. ###.....# ##. #P#....+### ##.. #.........# ##...
#####.........###.... Turn 16775 on Lair:2: rCorr ring ......$.......
#...........# ##P####).#... # ##..# #. ###...# #.# ### ##...###### ##...##.##
###.#+#####.# .!.!...†.###..........#. .†.....@..##..........#.
.!...!..†'.............. .!....$..#............). !.$.....!#..............
.).y$.................## !......†...#..........## +###.#..##.+..........##
#.#######...(......## . ##.P.#.'###.# Turn 17095 on Lair:2: Vault: queen bee and
bees. Yak corpses. Ambrosia potions. Lightning rod.
##..)....................###.... #.........†...#..........##.....
#.#+###.#..##.+..........###.... ###...#.#######...(......#####'# #....#.###
##.P.#.'###.####.. ###......# ######.# ####P#.. ####...## #§≈≈#### #....
#.......####≈≈≈≈..######.... ##.......##@.......#.##.....
#........###≈§≈≈...#.'...... #P......'###≈≈§##..#.#.#....
##.........#####...#........ #####.............#.##..... #####........##.###.<..
##.....###..# ##.#. ####### #.## #### ### # Turn 17177 on Lair:2: Volcano is in
southwest; entrance is past the bees vault, but Passwall could work here too.
##...§≈≈≈≈≈§≈≈≈.....# ###....≈≈≈≈≈§≈...# ###.#.............# ##.##...###..##...#
≈.####### ######..# ≈.## ##.## ...# ##..### .)## #.#.§§## ∩[)# ##.)@.§§# ...###
#....§§§# ≈§...# ##...≈≈## §≈≈### #..≈≈°# ≈§≈# ##≈≈≈°# ≈≈## ##≈°## ≈## #### ##
Turn 17351 on Volcano: blue potion - resistance ######## #.#..#P# # ######
#####......#### # #....####..##.........##### #....P#...@.+......+.[..##.
##....###..#.#.....>.###..## #..<..+....##.).....###....' ##.....######.###...#
###### #..(...###....###...## # ##.....##.......#..P.###
##....##...............##### #####....#...........P...#...##.
#......................#........ Turn 18910 on Lair:2: BOZXU ATHI -
vulnerability ... +# .........# ... #.# ..............##
..######..###>..#PPP#####..# #.#.......##...#### ## #..## ....##.......#
#...###..#.##.#.# ....##...$...###...##........###
....+..............##....#.#.## ....#........###..# #.. ##..P#
....###.Y.###.#.@.# # ##.## ....####...#####..# ######.#
.....###..#.####..#####.##.#.# ..>...Y...<..................#
##..##.##...###.#.##.#..##P.## ####.####### ############### ### Turn 19853 on
Lair:3: +2 kite shield in southeast

Levels and vault maps discovered:
D:1:      dpeg_arrival_windows_large_door, layout_rooms
D:2:      layout_basic, kennysheep_generic_room_11, uniq_sigmund
D:3:      layout_rooms, serial_rivers, chequers_serial_rivers_micro_d,
          chequers_serial_rivers_micro_b, chequers_serial_rivers_micro_a,
          chequers_serial_rivers_micro_d, chequers_serial_rivers_micro_c,
          chequers_serial_rivers_room_a, hellmonk_ecumenical_altar_arch_garden
D:4:      layout_layer_cave, lemuel_doored_altar, minmay_temple_entry_tees,
          saegor_snake_ambush, uniq_pargi, uniq_duvessa, uniq_blork_the_orc
D:5:      layout_basic, uniq_grinder
D:6:      nicolae_cairo_tiling_large_dashed, layout_cave_pools,
          minmay_misc_feat_square, dk_rats_in_the_wall, uniq_prince_ribbit1
D:7:      layout_basic, ebering_ghost_inner_flame, uniq_pikel
D:8:      layout_loops_ring, nicolae_ru_the_path_less_chosen, serial_ice,
          serial_ice_h, serial_ice_o, serial_ice_c, serial_ice_g
D:9:      layout_roguey, kennysheep_slug_shrine
D:10:     layout_basic, nicolae_overflow_hidden_temple, david_lair_shrubbed,
          uniq_josephine
D:11:     layout_stronghold, kennysheep_orc_monster_closet_entryway
Temple:   nicolae_temple_bog_church
Lair:1:   layout_regular_city, bh_autumn_forest_stairs
Lair:2:   layout_roguey [special_room_bee], elwin_shoals_entry_stream,
          lightli_volcano_entry_magma_tube, beast_lair_carwin_1,
          lemuel_fruit_fields
Lair:3:   layout_regular_city, guppyfry_snake_entry_garden
Lair:4:   layout_roguey, minmay_slime_entry_pillars
Lair:5:   hellmonk_lair_end_abyssal_woods, layout_regular_city

Skill      XL: |  1  2  3  4  5  6  7  8  9 10 11 12 13 14 |
---------------+-------------------------------------------+-----
Air Magic      | 5 6 8 9 10 11 14 | 14.0
Stealth        | 3 4 |  4.0
Spellcasting   | 4 7 9 10 | 10.0
Fighting       | 1 3 5 7 9 |  9.5
Dodging        | 4 8 11 12 | 12.0
Earth Magic    | 2 3 |  3.0
Evocations     | 3 |  3.0
Staves         | 3 6 |  6.0
Conjurations   | 5 8 |  8.0
Armour         | 3 5 |  5.0
Ice Magic      | 3 |  3.0
Shields        | 2 3 |  3.1
Short Blades   | |  0.6
Throwing       | |  0.1

Action                     |  1- 3 |  4- 6 |  7- 9 | 10-12 | 13-15 || total
---------------------------+-------+-------+-------+-------+-------++-------
  Melee: Spear             |    42 |    18 |       |       |       ||    60
         Kick              |     6 |     4 |    21 |   212 |   123 ||   366
         Peck              |     4 |     2 |    13 |   132 |    84 ||   235
         Short sword       |       |       |    21 |       |       ||    21
         Dagger            |       |       |    32 |       |       ||    32
         Punch             |       |       |     1 |     8 |     3 ||    12
         Staff             |       |       |       |   476 |   217 ||   693
         Lajatang          |       |       |       |       |     4 ||     4
  Throw: Dart              |       |     2 |       |     3 |       ||     5
   Cast: Shock             |    47 |    45 |    57 |   123 |    54 ||   326
         Static Discharge  |     4 |     2 |    22 |   140 |    64 ||   232
         Airstrike         |       |     7 |    58 |   194 |   124 ||   383
         Swiftness         |       |       |       |     2 |     1 ||     3
         Hailstorm         |       |       |       |       |     5 ||     5
 Invoke: Potion Petition   |       |       |       |     2 |     1 ||     3
  Evoke: Wand              |       |       |       |    13 |     3 ||    16
    Use: Scroll            |     6 |       |    11 |    12 |     2 ||    31
         Potion            |       |       |       |     4 |     2 ||     6
   Stab: Distracted        |       |       |       |     3 |     1 ||     4
         Invisible         |       |       |       |       |     3 ||     3
 Armour: Robe              |     8 |       |    15 |   123 |     9 ||   155
         Skin              |       |       |       |     6 |       ||     6
         Leather armour    |       |       |       |       |    89 ||    89
  Dodge: Dodged            |    27 |    23 |    88 |   528 |   337 ||  1003
  Block: Buckler           |       |       |       |       |    26 ||    26
